 Dungeon Crawl Stone Soup version 0.27.1-2-g3b301248ec (webtiles) character file.

Game seed: 13637445086109276660

3272 Descartes the Covert (level 9, 0/39 HPs)
             Began as a Spriggan Conjurer on Sept 25, 2021.
             Was a Follower of Vehumet.
             Slain by a gnoll sergeant (8 damage)
             ... on level 7 of the Dungeon.
             The game lasted 00:43:39 (12400 turns).

Descartes the Covert (Spriggan Conjurer)           Turns: 12400, Time: 00:43:40

Health: 0/39       AC:  3    Str:  5    XL:     9   Next: 68%
Magic:  10/17      EV: 21    Int: 21    God:    Vehumet [*.....]
Gold:   399        SH:  0    Dex: 13    Spells: 4/18 levels left

rFire    . . .     SeeInvis +   d - +2 dagger (venom)
rCold    . . .     Faith    .   (shield restricted)
rNeg     . . .     Spirit   .   a - +0 robe
rPois    .         Reflect  .   C - +0 mask of the Dragon {Will+ Slay+3 SInv}
rElec    .         Harm     .   E - +0 cloak
rCorr    +         Rampage  .   (gloves unavailable)
Will     ++...                  (boots unavailable)
Stlth    ++++......             q - amulet of magic regeneration
HPRegen  0.13/turn              g - ring of resist corrosion
MPRegen  0.40/turn              l - ring of wizardry

@: very quick
A: very small, no large weapons, unfitting armour, see invisible, speed 3
a: Renounce Religion


You were on level 7 of the Dungeon.
You worshipped Vehumet.
Vehumet was aware of your devotion.
You visited 2 branches of the dungeon, and saw 11 of its levels.

You collected 399 gold pieces.

Inventory:

Hand Weapons
 b - a +0 dagger
 d - a +2 dagger of venom (weapon)
 I - the +9 trident of Eternity {vorpal, Str+6}
   (You took it off an orc on level 6 of the Dungeon)

   It inflicts extra damage upon your enemies.
   Str:       It affects your strength (+6).
Missiles
 c - 43 poisoned darts
 j - 169 stones
 F - 20 sling bullets
 G - 33 arrows
 H - 5 boomerangs
Armour
 a - a +0 robe (worn)
 C - the +0 mask of the Dragon (worn) {Will+ Slay+3 SInv}
   (You found it on level 6 of the Dungeon)

   Slay:      It affects your accuracy & damage with ranged weapons and melee
   (+3).
   SInv:      It lets you see invisible.
   Will:      It increases your willpower.
 E - a +0 cloak (worn)
Magical Staves
 u - a staff of earth
Jewellery
 g - a ring of resist corrosion (left hand)
 l - a ring of wizardry (right hand)
 q - an amulet of magic regeneration (around neck)
 y - a +6 ring of dexterity
Wands
 n - a wand of iceblast (10)
Scrolls
 f - 2 scrolls of fog {unknown}
 h - 4 scrolls of enchant armour {unknown}
 s - a scroll of blinking
 w - 3 scrolls of amnesia {unknown}
 x - a scroll of noise {unknown}
 z - a scroll of teleportation {unknown}
 B - a scroll of summoning {unknown}
 D - 3 scrolls of vulnerability {unknown}
Potions
 e - a potion of attraction {unknown}
 i - 5 potions of curing
 k - 2 potions of ambrosia {unknown}
 m - 4 potions of heal wounds
 o - 4 potions of haste
 p - 3 potions of cancellation {unknown}
 r - a potion of brilliance {unknown}
 t - a potion of invisibility {unknown}
 v - 2 potions of flight {unknown}
 A - a potion of might {unknown}


   Skills:
 - Level 5.0 Short Blades
 + Level 9.5 Dodging
 - Level 10.0 Stealth
 - Level 5.0 Spellcasting
 - Level 5.0 Conjurations
 + Level 7.4 Hexes


You had 4 spell levels left.
You knew the following spells:

 Your Spells              Type           Power      Damage    Failure   Level
a - Magic Dart            Conj           100%       1d8       1%          1
b - Searing Ray           Conj           52%        3d5       1%          2
c - Dazzling Flash        Conj/Hex       62%        N/A       1%          3
d - Fulminant Prism       Conj/Hex       15%        3d11      3%          4
e - Petrify               Tmut/Erth      5%         N/A       38%         4

Your spell library contained the following spells:

 Spells                   Type           Power      Damage    Failure   Level
 Sandblast                Erth           10%        2d5       4%          1
 Foxfire                  Conj/Fire      60%        2x1d7     1%          1
 Inner Flame              Hex/Fire       20%        N/A       2%          3
 Portal Projectile        Hex/Tloc       40%        N/A       2%          3
 Beastly Appendage        Tmut           10%        N/A       4%          1
 Conjure Flame            Conj/Fire      15%        6-21      4%          3
 Sublimation of Blood     Necr           2%         N/A       6%          2
 Wereblood                Tmut           5%         N/A       6%          2
 Leda's Liquefaction      Hex/Erth       10%        N/A       10%         4
 Call Canine Familiar     Summ           5%         N/A       13%         3
 Spider Form              Tmut/Pois      2%         N/A       13%         3
 Iskenderun's Mystic Bla  Conj/Tloc      15%        2d5       16%         4
 Irradiate                Conj/Tmut      7%         3d16      38%         5


Dungeon Overview and Level Annotations

Branches:
Dungeon (10/15)            Temple (1/1) D:6             Orc (0/2) D:9
   Lair: D:8-11

Altars:
Ashenzari
Cheibriados
Dithmenos
Elyvilon
Fedhas
Gozag
Hepliaklqana
Kikubaaqudgha
Nemelex Xobeh
Okawaru
Qazlal
Ru
Sif Muna
Trog
Uskayaw
Vehumet
Wu Jian
Xom
Yredelemnul
Zin
The Shining One

Annotations:
D:7 AZSletch's ghost, novice DrTm


Innate Abilities, Weirdness & Mutations

You are very small and have problems with some larger weapons.
You are too small for most types of armour.
You have supernaturally acute eyesight. (SInv)
You cover ground extremely quickly. (Speed+++)


Message History

Confirm with . or Enter, or press ? or * to list all spells.
Aiming: Searing Ray (safe; 1% risk of failure)
Press: ? - help, Shift-Dir - straight line, f - centaur
Aim: a centaur, wielding a +0 shortbow and quivering arrows (87% to hit)
The searing ray hits the centaur!
The centaur is heavily wounded.
The searing ray hits the centaur.
The centaur is lightly wounded. (Press . to maintain the ray.)
The centaur shoots an arrow.
The arrow completely misses you.
Your fulminant prism explodes!
The blast of energy engulfs the white imp!
You kill the white imp!
Vehumet accepts your kill.
The blast of energy engulfs the centaur!!
You kill the centaur!
Vehumet accepts your kill.
The blast of energy engulfs the gnoll sergeant!
The gnoll sergeant is heavily wounded.
The blast of energy engulfs the centaur!
The centaur is heavily wounded.
The blast of energy engulfs the two-headed ogre!
The two-headed ogre is moderately wounded.
The centaur shoots an arrow.
The arrow misses you.
Casting: Searing Ray (safe; 1% risk of failure)
Confirm with . or Enter, or press ? or * to list all spells.
Aiming: Fulminant Prism (dangerous; 3% risk of failure)
Press: ? - help, Dir - move target You conjure a prism of explosive energy!
A fulminant prism comes into view.
The centaur drinks a potion.
The centaur is healed!
The centaur shoots an arrow.
The arrow hits your fulminant prism!
Your fulminant prism detonates feebly.
The gnoll sergeant hits you from afar with a +0 spear!
The centaur shoots an arrow.
The arrow hits you.
The gnoll sergeant hits you from afar with a +0 spear!
* * * LOW HITPOINT WARNING * * *
AZSletch's ghost barely misses you.
The gnoll sergeant hits you from afar with a +0 spear!
You die...

#. #. ##### #.
##...##### #.
#####........## #.
##.....©.......# #.
#..#########...# #.
#.##8.(...8##..######.
#.#..@...).©#.........
#.#.........#.##......
#.#.WOg.....#.#######.
#.#....c....#.# #.
#.#.........#.# #.
#.#....)....#.# ###.
#.#.........#.## #...
#.##8.....8##..####...
#..#########....##...#


You could see a two-headed ogre, a gnoll sergeant, a centaur and AZSletch's
ghost.

Vanquished Creatures
  The ghost of bobkasz2 the Sneak, a novice OpFi (D:4)
  Grinder (D:6)
  A yak (D:7)
  Menkaure (D:6)
  A water moccasin (D:5)
  Duvessa (D:5)
  An ice beast (D:6)
  2 necrophages (D:5)
  3 centaurs
  2 phantoms
  3 bullfrogs
  A kobold brigand (D:7)
  4 scorpions
  Dowan (D:5)
  A water moccasin skeleton (D:5)
  4 wights (D:7)
  7 howler monkeys
  2 quasits (D:4)
  A bullfrog zombie (D:5)
  2 hounds (D:6)
  A jelly (D:7)
  3 iguanas
  An orc priest (D:5)
  2 centaur skeletons
  A bullfrog skeleton (D:6)
  A scorpion zombie (D:5)
  A hound skeleton (D:5)
  A hound zombie (D:5)
  3 adders
  8 gnolls
  3 white imps
  7 dart slugs
  16 orcs
  5 bats
  13 endoplasms
  4 giant cockroaches
  10 goblins
  7 hobgoblins
  4 quokkas
  11 ball pythons
  3 frilled lizards (D:1)
  13 kobolds
  7 rats
  4 fulminant prisms (D:6)
169 creatures vanquished.

Vanquished Creatures (others)
  19 fulminant prisms
  A plant (D:3)
20 creatures vanquished.

Grand Total: 189 creatures vanquished

Notes
Turn   | Place    | Note
-------+----------+-------------------------------------------
     0 | D:1      | Descartes the Spriggan Conjurer began the quest for the
                  | Orb.
     0 | D:1      | Reached XP level 1. HP: 9/9 MP: 5/5
   431 | D:1      | Reached XP level 2. HP: 13/13 MP: 4/6
   896 | D:1      | Reached XP level 3. HP: 16/16 MP: 3/8
  1419 | D:2      | Reached skill level 1 in Short Blades
  1422 | D:2      | Learned a level 2 spell: Searing Ray
  1591 | D:2      | Reached skill level 4 in Stealth
  2257 | D:2      | Reached XP level 4. HP: 21/21 MP: 6/10
  2780 | D:3      | Learned a level 3 spell: Dazzling Flash
  2785 | D:3      | Learned a level 4 spell: Fulminant Prism
  4217 | D:4      | Found a transporter.
  4217 | D:4      | Noticed bobkasz2's ghost (novice OpFi)
  4397 | D:4      | Reached skill level 1 in Hexes
  4397 | D:4      | Reached XP level 5. HP: 24/24 MP: 6/11
  4485 | D:4      | Found a transporter.
  4725 | D:4      | Noticed a phantom
  4738 | D:4      | Killed a phantom
  4739 | D:4      | Reached skill level 5 in Stealth
  4912 | D:5      | Entered Level 5 of the Dungeon
  4974 | D:5      | Reached XP level 6. HP: 28/28 MP: 6/13
  5506 | D:4      | Killed bobkasz2's ghost
  5507 | D:4      | Reached skill level 5 in Dodging
  5507 | D:4      | Reached skill level 6 in Stealth
  5507 | D:4      | Reached skill level 5 in Spellcasting
  5507 | D:4      | Reached XP level 7. HP: 5/32 MP: 1/15
  6498 | D:5      | Reached XP level 8. HP: 36/36 MP: 10/16
  6513 | D:5      | Reached skill level 7 in Stealth
  7229 | D:6      | Noticed Duvessa
  7229 | D:6      | Noticed Dowan
  7230 | D:6      | Noticed Grinder
  7246 | D:6      | Found a staircase to the Ecumenical Temple.
  7246 | D:6      | Found the +0 mask of the Dragon {Will+ Slay+3 SInv}
  7352 | Temple   | Entered the Ecumenical Temple
  7575 | Temple   | Became a worshipper of Vehumet
  7765 | D:6      | Noticed Menkaure
  7770 | D:6      | Killed Menkaure
  7988 | D:6      | Reached skill level 8 in Stealth
  7988 | D:6      | Reached skill level 5 in Hexes
  8785 | D:6      | Killed Grinder
  8786 | D:6      | Reached skill level 5 in Short Blades
  9446 | D:6      | Reached XP level 9. HP: 39/39 MP: 9/17
  9583 | D:7      | Reached skill level 5 in Conjurations
  9664 | D:7      | Reached skill level 9 in Stealth
  9669 | D:7      | Learned a level 4 spell: Petrify
  9756 | D:7      | You fall into a shaft and drop 3 floors!
  9756 | D:10     | Entered Level 10 of the Dungeon
  9810 | D:10     | Noticed a troll
 10789 | D:7      | Found a transporter.
 10789 | D:7      | Noticed a two-headed ogre
 10789 | D:7      | Noticed AZSletch's ghost (novice DrTm)
 10790 | D:7      | Found a transporter.
 11377 | D:8      | Reached skill level 10 in Stealth
 11451 | D:6      | Identified the +9 trident of Eternity {vorpal, Str+6}
 11453 | D:6      | Reached * piety under Vehumet
 11453 | D:6      | Offered knowledge of Sandblast by Vehumet.
 12077 | D:5      | Killed Duvessa
 12077 | D:5      | Killed Dowan
 12400 | D:7      | Slain by a gnoll sergeant

Illustrated notes

Levels and vault maps discovered:
D:1:      dpeg_arrival_round_b, layout_basic, shapermc_ecumenical_altar_petra
D:2:      layout_basic
D:3:      layout_basic, minmay_shallow_snake_nest
D:4:      layout_loops_corners, gammafunk_ghost_stat_death
D:5:      kennysheep_spiral_hall, layout_gridville, grunt_ministairs_6,
          fountainhead, dk_vineyard_2, minmay_curled_crystal
D:6:      layout_rooms, minmay_temple_entry_overgrown,
          kennysheep_generic_room_9, uniq_menkaure, uniq_grinder, uniq_duvessa
D:7:      layout_loops_ring, gammafunk_ghost_arena
D:8:      layout_rooms
D:9:      layout_basic, mainiacjoe_overflow_cross_hatched, zombieorc2_lemuel,
          hellmonk_guarded_unrand_gyre_and_gimble
D:10:     layout_small_grid, kennysheep_generic_room_12
Temple:   minmay_crystal_snake_temple

Skill      XL: |  1  2  3  4  5  6  7  8  9 |
---------------+----------------------------+-----
Conjurations   | 3 4 5 |  5.0
Dodging        | 3 4 5 7 9 |  9.5
Spellcasting   | 3 4 5 |  5.0
Short Blades   | 1 2 3 5 |  5.0
Stealth        | 4 5 6 8 10 | 10.0
Hexes          | 1 3 4 5 7 |  7.4

Action                   |  1- 3 |  4- 6 |  7- 9 || total
-------------------------+-------+-------+-------++-------
Melee: Unarmed           |     1 |       |       ||     1
       Dagger            |       |       |    31 ||    31
 Cast: Magic Dart        |   120 |    55 |    97 ||   272
       Searing Ray       |     1 |    25 |    48 ||    74
       Fulminant Prism   |       |       |    23 ||    23
       Dazzling Flash    |       |       |     1 ||     1
  Use: Scroll            |       |       |     7 ||     7
 Stab: Sleeping          |       |       |     4 ||     4
       Invisible         |       |       |     1 ||     1
Armor: Robe              |       |     2 |     9 ||    11
Dodge: Dodged            |    14 |    39 |   106 ||   159
